 Dungeon Crawl Stone Soup version 0.32-a0-768-g0f6f1dd4b9 (webtiles) character file.

Game seed: 18144396970218726523

35 chunkyMonkey the Sneak (level 3, 0/17 HPs)
             Began as a Spriggan Enchanter on Mar 18, 2024.
             Slain by a goblin
             ... wielding a +0 club
             ... led by Robin
              (3 damage)
             ... on level 1 of the Dungeon.
             The game lasted 00:02:07 (1244 turns).

chunkyMonkey the Sneak (Spriggan Enchanter)         Turns: 1244, Time: 00:02:07

Health: 0/17       AC:  2    Str:  6    XL:     3   Next: 17%
Magic:  8/8        EV: 16    Int: 16    God:
Gold:   13         SH:  0    Dex: 15    Spells: 1/7 levels left

rFire   . . .        a - +1 dagger
rCold   . . .        (no shield)
rNeg    . . .        b - +0 robe
rPois   .            (helmet restricted)
rElec   .            (no cloak)
rCorr   .            (gloves unavailable)
SInv    +            (boots unavailable)
Will    .....        (no amulet)
Stlth   +++          (no ring)
HPRegen 0.22/turn    (no ring)
MPRegen 0.11/turn

%: no passive effects
@: very quick
A: very small, no large weapons, unfitting armour, see invisible, speed 3
a: no special abilities


You were on level 1 of the Dungeon.
You visited 1 branch of the dungeon, and saw 2 of its levels.

You collected 13 gold pieces.

Inventory:

Hand Weapons
 a - a +1 dagger (weapon)
Missiles
 h - 12 poisoned darts (quivered)
Armour
 b - a +0 robe (worn)
Jewellery
 e - a ring of flight
Talismans
 g - a flux talisman
Scrolls
 d - a scroll of identify {unknown}
 f - a scroll of enchant armour {unknown}
 j - a scroll of teleportation {unknown}
Potions
 c - 3 potions of invisibility
 i - a potion of haste {unknown}


   Skills:
 + Level 0.3 Fighting
 * Level 1.7(1.8) Short Blades
 + Level 0.2(0.9) Long Blades
 + Level 0.4 Armour
 * Level 3.2 Dodging
 + Level 4.7 Stealth
 + Level 2.9 Spellcasting
 + Level 3.8 Hexes


You had one spell level left.
You knew the following spells:

 Your Spells              Type           Power      Damage    Failure   Level
a - Tukima's Dance        Hex            14%        N/A       12%         3
b - Dazzling Flash        Conj/Hex       16%        N/A       26%         3

Your spell library contained the following spells:

 Spells                   Type           Power      Damage    Failure   Level
 Confusing Touch          Hex            14%        N/A       12%         3
 Ensorcelled Hibernation  Hex/Ice        16%        N/A       13%         2


Dungeon Overview and Level Annotations

Branches:
Dungeon (2/15)

Altars:

Annotations:
D:2 Robin


Innate Abilities, Weirdness & Mutations

You are very small and have problems with some larger weapons.
You are too small for most types of armour.
You have supernaturally acute eyesight. (SInv)
You cover ground extremely quickly. (Speed+++)


Message History

The goblin is severely wounded.
The goblin barely misses you.
You hit the goblin.
You kill the goblin!
You see here a +0 club.
There is a stone staircase leading down here.
You climb downwards.
Level annotation: Robin The goblin misses you.
The goblin hits you with a +0 club.
There is a stone staircase leading up here.
Unknown command.
The hobgoblin closely misses you. The goblin barely misses you.
The goblin hits you with a +0 dagger. The goblin misses you.
The goblin hits you with a +0 club.
You climb upwards.
There is a stone staircase leading down here.
You hit the hobgoblin.
The hobgoblin is moderately wounded.
The hobgoblin misses you. The goblin hits you with a +0 club.
You closely miss the hobgoblin.
The hobgoblin is moderately wounded.
The hobgoblin completely misses you. The goblin hits you with a +0 club.
You hit the hobgoblin.
The hobgoblin is heavily wounded.
The hobgoblin hits you. The goblin hits you but does no damage.
You closely miss the hobgoblin.
The hobgoblin is heavily wounded.
The hobgoblin barely misses you. The goblin hits you with a +0 club.
* * * LOW HITPOINT WARNING * * *
Unknown command.
You closely miss the hobgoblin.
The hobgoblin is heavily wounded.
The hobgoblin misses you. The goblin closely misses you.
Unknown command.
You hit the hobgoblin.
You kill the hobgoblin!
The goblin hits you with a +0 club.
* * * LOW HITPOINT WARNING * * *
The goblin hits you with a +0 club.
You die...

..# #.# #.# ..# #.# #.# ..# #)#
#.# ..# #.# #.# ..# #.# #.# ..#
#.# #.# ..##### #.# #.#
..#...##############.# #.#
...............g@>##.######.#####
###...###########g#.............#
##### ###### #g#########.##.##
#....# #g#..†......#..# #....#
#.#.#.#######.## #....#
#.#.#.......#.# #....#
#.#.#######.#.#
########....####.#.# #.#.#
#....†...........#.#######.#.#


You could see 4 goblins.

Vanquished Creatures
  A gnoll (D:1)
  A ball python (D:1)
  2 endoplasms (D:1)
  3 giant cockroaches (D:1)
  5 goblins (D:1)
  3 hobgoblins (D:1)
  3 bats (D:1)
  A frilled lizard (D:1)
  2 kobolds (D:1)
  3 rats (D:1)
24 creatures vanquished.

Notes
Turn   | Place    | Note
-------+----------+-------------------------------------------
     0 | D:1      | chunkyMonkey the Spriggan Enchanter began the quest for the
                  | Orb.
     0 | D:1      | Reached XP level 1. HP: 9/9 MP: 5/5
   178 | D:1      | Reached XP level 2. HP: 13/13 MP: 6/6
  1097 | D:1      | Reached XP level 3. HP: 15/16 MP: 8/8
  1180 | D:1      | Learned a level 3 spell: Tukima's Dance
  1184 | D:1      | Learned a level 3 spell: Dazzling Flash
  1224 | D:2      | Noticed Robin
  1244 | D:1      | Slain by a goblin

Illustrated notes

Levels and vault maps discovered:
D:1:      wander_arrival_desolate, layout_basic
D:2:      layout_rooms, basic_altar, minmay_domino_2, uniq_natasha, uniq_robin

Skill      XL: |  1  2 |
---------------+-------+-----
Dodging        | 3 |  3.2
Fighting       | |  0.3
Short Blades   | |  1.7
Long Blades    | |  0.2
Armour         | |  0.4
Stealth        | |  4.7
Spellcasting   | |  2.9
Hexes          | |  3.8

Action                     || total
---------------------------++-------
  Melee: Dagger            ||    77
  Throw: Dart              ||     6
   Stab: Sleeping          ||     5
 Armour: Robe              ||    29
  Dodge: Dodged            ||    63

Table legend: (Time is in decaauts)
 A = Elapsed time spent in this place.
 B = Non-inter-level travel time spent in this place.
 C = Inter-level travel time spent in this place.
 D = Time resting spent in this place.
 E = Time spent auto-exploring this place.
 F = Levels seen in this place.
 G = Mean time per level.
                   A        B        C        D        E       F      G
               +--------+--------+--------+--------+--------+-----+--------+
         Total |    963 |    940 |     23 |    419 |    343 |   2 |  481.5 |
       Dungeon |    963 |    940 |     23 |    419 |    343 |   2 |  481.5 |
               +--------+--------+--------+--------+--------+-----+--------+

Top non-repeatable levels by time:
     D:1: 957 daAuts
     D:2: 6 daAuts
